 Dungeon Crawl Stone Soup version 0.31-a0-1300-gb6740aa4e6 (webtiles) character file.

Game seed: 15395740600292118401

9 night the Sneak (level 2, -2/29 HPs)
             Began as a Troll Delver on Dec 18, 2023.
             Slain by a yak (15 damage)
             ... on level 5 of the Dungeon.
             The game lasted 00:00:13 (31 turns).

night the Sneak (Troll Delver)                        Turns: 31, Time: 00:00:13

Health: -2/29      AC:  4    Str: 19    XL:     2   Next: 3%
Magic:  1/1        EV: 10    Int:  6    God:
Gold:   0          SH:  0    Dex: 11    Spells: 1/1 levels left

rFire   . .          .
                       - Unarmed
rCold   . . .        (no shield)
rNeg    . . .        a - +0 robe
rPois   .            (helmet restricted)
rElec   .            (no cloak)
rCorr   .            (gloves unavailable)
SInv    .            (boots unavailable)
Will    .....        (no amulet)
Stlth   ++           (no ring)
HPRegen 1.04/turn    (no ring)
MPRegen 0.07/turn

%: no passive effects
@: no status effects
A: large, unfitting armour, claws 3, regeneration 1, shaggy fur 1, tough skin 1
a: no special abilities


You were on level 5 of the Dungeon.
You visited 1 branch of the dungeon, and saw 1 of its levels.

Inventory:

Armour
 a - a +0 robe (worn)
Wands
 f - a wand of digging (3)
Scrolls
 b - a scroll of fog
 c - a scroll of revelation
 d - a scroll of fear
Potions
 e - a potion of haste


   Skills:
 + Level 2.5 Fighting
 + Level 1.7 Dodging
 + Level 2.8 Stealth
 + Level 2.2 Unarmed Combat


You had one spell level left.
You didn't know any spells.
Your spell library was empty.

Dungeon Overview and Level Annotations

Branches:
Dungeon (5/15)
 Temple: D:4-7

Altars:


Innate Abilities, Weirdness & Mutations

You are too large for most types of armour.
You have claws for hands.
Your natural rate of healing is unusually fast.
You are covered in fur. (AC +1)
You have tough skin. (AC +1)


Message History

The adder bites you but does no damage.
The orc shouts!
The iguana hisses angrily.
The adder attacks as it pursues you! The adder bites you but does no damage.
The adder attacks as it pursues you! The adder bites you but does no damage.
The adder bites you.
You are poisoned.
The adder poisons you!
You feel sick.
You feel sick. The adder bites you but does no damage.
You feel sick. The adder attacks as it pursues you!
The adder barely misses you.
You scratch the adder.
The adder is moderately wounded.
You feel sick. The adder bites you but does no damage.
You scratch the adder.
The adder is heavily wounded.
You feel sick. The adder bites you.
You barely miss the adder.
The adder is heavily wounded.
You feel sick.
You are no longer poisoned.
The adder completely misses you. The adder bites you.
The yak snorts and paws the ground.
You scratch the adder.
You kill the adder!
You have reached level 2!
You scratch the yak.
The yak is lightly wounded.
The yak gores you but does no damage.
You scratch the yak.
The yak is lightly wounded.
The yak gores you!
You closely miss the yak.
The yak is lightly wounded.
The yak gores you.
You claw the yak!
The yak is heavily wounded.
The yak gores you!
Ouch! That really hurt!
You die...

#.# ..# #.# #.# #.#
#####
#######.####...#
......>>.......#
#######.####...#
#####
#.#####@#######.....
#......#YYo.....##
#####.###r.......#
##.#.#####...# ##.##
#..#$.# #.# #....
..# #.# #...Y.# .#
#.##[..h... ..
#.#...olr..# ##


You could see 2 yaks, an orc and a quokka.

Vanquished Creatures
  An adder (D:5)
1 creature vanquished.

Notes
Turn   | Place    | Note
-------+----------+-------------------------------------------
     0 | D:5      | night the Troll Delver began the quest for the Orb.
     0 | D:5      | Reached XP level 1. HP: 22/22 MP: 0/0
    15 | D:5      | Noticed a hound
    15 | D:5      | Noticed a yak
    16 | D:5      | Noticed a yak
    16 | D:5      | Noticed an iguana
    28 | D:5      | Reached XP level 2. HP: 26/29 MP: 1/1
    31 | D:5      | Slain by a yak

Illustrated notes

Levels and vault maps discovered:
D:5:      kennysheep_spiral_hall, layout_loops_ring, minmay_manual_moon,
          uniq_pikel

Action                     || total
---------------------------++-------
  Melee: Unarmed           ||     8
 Armour: Robe              ||    12
  Dodge: Dodged            ||     2

Table legend: (Time is in decaauts)
 A = Elapsed time spent in this place.
 B = Non-inter-level travel time spent in this place.
 C = Inter-level travel time spent in this place.
 D = Time resting spent in this place.
 E = Time spent auto-exploring this place.
 F = Levels seen in this place.
 G = Mean time per level.
                   A        B        C        D        E       F      G
               +--------+--------+--------+--------+--------+-----+--------+
         Total |     30 |     30 |      0 |      0 |     13 |   1 |   30.0 |
       Dungeon |     30 |     30 |      0 |      0 |     13 |   1 |   30.0 |
               +--------+--------+--------+--------+--------+-----+--------+

Top non-repeatable levels by time:
     D:5: 30 daAuts
